 Dungeon Crawl Stone Soup version 0.27.1-37-g7b29ead8ac (console) character file.

Game seed: 10561352509958983580

105 grimtooth the Covert (level 4, -2/34 HPs)
             Began as a Vampire Delver on July 2, 2023.
             Slain by a gnoll (9 damage)
             ... on level 5 of the Dungeon on July 3, 2023.
             The game lasted 00:10:00 (816 turns).

grimtooth the Covert (Vampire Delver)                Turns: 816, Time: 00:10:00

Health: -2/34      AC:  3    Str: 11    XL:     4   Next: 53%
Magic:  4/4        EV: 12    Int: 13    God:
Gold:   63         SH:  0    Dex: 15    Spells: 3/3 levels left

rFire    . . .     SeeInvis +   a - +0 rapier
rCold    . . .     Faith    .   (no shield)
rNeg     . . .     Spirit   .   b - +0 leather armour
rPois    .         Reflect  .   (no helmet)
rElec    .         Harm     .   (no cloak)
rCorr    .         Rampage  .   (no gloves)
Will     .....                  (no boots)
Stlth    ++++......             (no amulet)
HPRegen  0.31/turn              (no ring)
MPRegen  0.09/turn              (no ring)

@: healing quickly
A: alive, fangs 3, see invisible, vampiric 2
a: Exsanguinate


You were on level 5 of the Dungeon.
You visited 1 branch of the dungeon, and saw 2 of its levels.

You collected 63 gold pieces.

Inventory:

Hand Weapons
 a - a +0 rapier (weapon)
 k - a +0 short sword
Missiles
 h - 21 stones (quivered)
Armour
 b - a +0 leather armour (worn)
Wands
 g - a wand of digging (3)
Scrolls
 c - a scroll of fog
 d - a scroll of magic mapping
 i - a scroll of identify {unknown}
 j - a scroll of immolation {unknown}
Potions
 f - a potion of haste


   Skills:
 - Level 2.6 Fighting
 * Level 4.5 Short Blades
 - Level 2.1 Dodging
 + Level 8.3 Stealth


You had 3 spell levels left.
You didn't know any spells.
Your spell library was empty.

Dungeon Overview and Level Annotations

Branches:
Dungeon (5/15)
 Temple: D:4-7

Altars:

Shops:
D:5 :

Annotations:
D:5 exclusion: scorpion


Innate Abilities, Weirdness & Mutations

Your natural rate of healing is accelerated.
You have razor-sharp teeth.
You have supernaturally acute eyesight. (SInv)
You are afflicted with vampirism and can become a bat while bloodless.


Message History

You hit the iguana.
You kill the iguana!
The gnoll hits you from afar with a +0 halberd!
As you read the scroll of fear, it crumbles to dust.
You assume a fearsome visage.
The gnoll looks frightened!
You start resting.
Your transformation is almost over.
You start resting.
You feel less wooden.
Your +0 leather armour unmelds from your body.
You now have 63 gold pieces (gained 13).
Press: ? - help, v - describe, . - travel
Here: a gnoll, wielding a +0 halberd The floor.
The gnoll barely misses you. The gnoll barely misses you.
Really attack while wielding nothing? [Y]es or [N]o only, please.
Really attack while wielding nothing? [Y]es or [N]o only, please.
Really attack while wielding nothing? [Y]es or [N]o only, please.
Really attack while wielding nothing? [Y]es or [N]o only, please.
Really attack while wielding nothing? [Y]es or [N]o only, please.
Really attack while wielding nothing?
Okay, then.
a - a +0 rapier (weapon)
The gnoll hits you with a +0 halberd!
Your leather armour prevents you from hitting the gnoll.
The gnoll hits you with a +0 halberd!
* * * LOW HITPOINT WARNING * * *
You hit the gnoll.
The gnoll is moderately wounded.
The gnoll misses you.
You barely miss the gnoll. Your bite misses the gnoll.
The gnoll is lightly wounded.
The gnoll hits you with a +0 halberd!
You die...

### ##.# ### #..#
#.# ##..### #.#
#.....# #..
##.....# ##.
##......## ##.
#........# #..
##........# ##.#
#......$..# #.##
##.....g@..##
##.# ...
##.....†>....#
##.## #...
#....##....###
#..## #..
##...########
##...##
#.###....#
##......
##........# ###
###.......
##........##
###.###......#..
#..........#
##....#..#...####
#..........#
#.......###.##
##...)....##
##......## ###
##......##
#.......##


You could see a gnoll.

Vanquished Creatures
  A hound (D:5)
  2 iguanas (D:5)
  2 adders (D:5)
  A dart slug (D:5)
  An orc (D:5)
7 creatures vanquished.

Notes
Turn   | Place    | Note
-------+----------+-------------------------------------------
     0 | D:5      | grimtooth the Vampire Delver began the quest for the Orb.
     0 | D:5      | Reached XP level 1. HP: 17/17 MP: 1/1
    46 | D:5      | Reached XP level 2. HP: 18/23 MP: 2/2
   123 | D:4      | Noticed an ogre
   148 | D:5      | Found Sigik's Book Emporium.
   520 | D:5      | Gained mutation: You are afflicted with vampirism and can
                  | become a bat while bloodless. [Vampire growth]
   520 | D:5      | Reached XP level 3. HP: 28/28 MP: 3/3
   629 | D:5      | Noticed a scorpion
   756 | D:5      | Reached skill level 8 in Stealth
   756 | D:5      | Reached XP level 4. HP: 34/34 MP: 4/4
   816 | D:5      | Slain by a gnoll

Illustrated notes

Levels and vault maps discovered:
D:4:      layout_loops_cross, serial_glass, glass_columns_c, glass_columns_b
D:5:      layout_cave_pods, serial_shops, nicolae_square_shop, uniq_menkaure

Skill      XL: |  1  2  3 |
---------------+----------+-----
Short Blades   | 3 4 |  4.5
Stealth        | 8 |  8.3
Fighting       | |  2.6
Dodging        | |  2.1

Action                   |  1- 3 |  4- 6 || total
-------------------------+-------+-------++-------
Melee: Short sword       |     8 |       ||     8
       Rapier            |    22 |     4 ||    26
       Bite              |     2 |     1 ||     3
       Unarmed           |       |     5 ||     5
Throw: Stone             |     3 |       ||     3
  Use: Scroll            |       |     1 ||     1
       Potion            |       |     1 ||     1
 Stab: Sleeping          |     1 |       ||     1
Armor: Leather armour    |    11 |       ||    11
       Skin              |       |     7 ||     7
Dodge: Dodged            |    25 |     4 ||    29
